PAA
PHOENIX HOTSPUR YOUTH @ CHESAPEAKE CONTINENTALS
08/01/2028
 
TOP OF THE 1ST
Phoenix Hotspur Youth batting - Pitching for Chesapeake Continentals : RHP António Alomar
Pitching: RHP António Alomar
Batting: RHB David Rivas 0-0: Swinging Strike
0-1: SOLO HOME RUN (Flyball, 78XD), Distance : 425 ft
Batting: RHB Carl Tucker 0-0: Ball
1-0: Swinging Strike
1-1: Swinging Strike
1-2: Ball
2-2: Strikes out swinging
Batting: RHB Bernardo Rivera 0-0: Ball
1-0: SINGLE (Line Drive, 56)
Batting: RHB Eric Conway 0-0: Ball
1-0: Grounds into double play, 5-4-3 (Groundball, 56)
Top of the 1st over - 1 run(s), 2 hit(s), 0 error(s), 0 left on base; Phoenix Hotspur 1 - Chesapeake 0
BOTTOM OF THE 1ST
Chesapeake Continentals batting - Pitching for Phoenix Hotspur Youth : RHP Derrick Hopkins
Pitching: RHP Derrick Hopkins
Batting: RHB Marcos Alfaro 0-0: Ball
1-0: Called Strike
1-1: Swinging Strike
1-2: Strikes out swinging
Batting: RHB Colt Cabana 0-0: Ground out 5-3 (Groundball, 25)
Batting: SHB Eustacio Tafalla 0-0: Fly out, F8 (Flyball, 8LS)
Bottom of the 1st over - 0 run(s), 0 hit(s), 0 error(s), 0 left on base; Phoenix Hotspur 1 - Chesapeake 0
TOP OF THE 2ND
Phoenix Hotspur Youth batting - Pitching for Chesapeake Continentals : RHP António Alomar
Batting: RHB Rubén Andrada 0-0: Fly out, F9 (Flyball, 89S)
Batting: LHB António Escalante 0-0: Ball
1-0: Ball
2-0: Called Strike
2-1: Ball
3-1: Foul Ball, location: 2F
3-2: Ground out U3 (Groundball, 3)
Batting: RHB Hieronymus Bosch 0-0: Called Strike
0-1: Fly out, F9 (Flyball, 9S)
Top of the 2nd over - 0 run(s), 0 hit(s), 0 error(s), 0 left on base; Phoenix Hotspur 1 - Chesapeake 0
BOTTOM OF THE 2ND
Chesapeake Continentals batting - Pitching for Phoenix Hotspur Youth : RHP Derrick Hopkins
Batting: RHB Juan Chávez 0-0: Called Strike
0-1: Ball
1-1: Foul Ball, location: 2F
1-2: Ball
2-2: Foul Ball, location: 2F
2-2: Foul Ball, location: 2F
2-2: Ball
3-2: Base on Balls
Batting: LHB Ángel Pineda 0-0: Hit by Pitch
Juan Chávez to second
Batting: RHB Jouo Hirschovits 0-0: Fly out, F6 (Popup, 6)
Batting: LHB Miguel Gazivoda 0-0: Called Strike
0-1: Foul Ball, location: 2F
0-2: Ball
1-2: Ball
2-2: Ball
3-2: Fly out, F9 (Flyball, 89D)
Runner from 2nd tags up, SAFE at 3rd, no throw
Batting: RHB Dave Yates 0-0: Foul Ball, location: 2F
0-1: Swinging Strike
0-2: Ball
Wild Pitch!
Juan Chávez scores
Ángel Pineda to second
1-2: Ball
2-2: Strikes out swinging
Bottom of the 2nd over - 1 run(s), 0 hit(s), 0 error(s), 1 left on base; Phoenix Hotspur 1 - Chesapeake 1
TOP OF THE 3RD
Phoenix Hotspur Youth batting - Pitching for Chesapeake Continentals : RHP António Alomar
Batting: RHB Enrico Sánchez 0-0: Ground out 5-3 (Groundball, 5S)
Batting: RHB Phillip Mendizabal 0-0: Ball
1-0: Called Strike
1-1: Called Strike
1-2: Ground out 6-3 (Groundball, 56)
Batting: RHB David Rivas 0-0: Swinging Strike
0-1: Ball
1-1: Foul Ball, location: 2F
1-2: Strikes out swinging
Top of the 3rd over - 0 run(s), 0 hit(s), 0 error(s), 0 left on base; Phoenix Hotspur 1 - Chesapeake 1
BOTTOM OF THE 3RD
Chesapeake Continentals batting - Pitching for Phoenix Hotspur Youth : RHP Derrick Hopkins
Batting: RHB Zahid Kashani 0-0: Ball
1-0: SINGLE (Line Drive, 5D)
Batting: RHB Marcos Alfaro 0-0: Called Strike
0-1: Called Strike
0-2: SINGLE (Line Drive, 56D)
Zahid Kashani to second
Batting: RHB Colt Cabana 0-0: Ball
1-0: Ball
2-0: Ball
3-0: Base on Balls
Zahid Kashani to third
Marcos Alfaro to second
Batting: SHB Eustacio Tafalla 0-0: SINGLE (Flyball, 7LS)
Zahid Kashani scores
Marcos Alfaro to third
Colt Cabana to second
Batting: RHB Juan Chávez 0-0: Ball
1-0: Ball
2-0: Ball
3-0: Called Strike
3-1: SINGLE (Groundball, 56D)
Marcos Alfaro scores
Colt Cabana to third
Eustacio Tafalla to second
Runner from 3rd tries for Home, SAFE, no throw
Batting: LHB Ángel Pineda 0-0: Ball
1-0: Ball
2-0: Ball
3-0: Base on Balls
Eustacio Tafalla to third
Juan Chávez to second
Batting: RHB Jouo Hirschovits 0-0: Ball
1-0: Foul Ball, location: 2F
1-1: SINGLE (Groundball, 15S) (infield hit)
Eustacio Tafalla scores
Juan Chávez to third
Ángel Pineda to second
Batting: LHB Miguel Gazivoda 0-0: Called Strike
0-1: Ball
1-1: Ball
2-1: Foul Ball, location: 2F
2-2: Foul Ball, location: 2F
2-2: Ball
3-2: Base on Balls
Juan Chávez scores
Ángel Pineda to third
Jouo Hirschovits to second
Batting: RHB Dave Yates 0-0: Called Strike
0-1: Foul Ball, location: 2F
0-2: Foul Ball, location: 2F
0-2: SINGLE (Groundball, 34) (infield hit)
Ángel Pineda scores
Jouo Hirschovits to third
Miguel Gazivoda to second
Pitching: LHP Juan Alou
Batting: RHB Zahid Kashani 0-0: SINGLE (Groundball, 56D)
Jouo Hirschovits scores
Miguel Gazivoda to third
Dave Yates to second
Batting: RHB Marcos Alfaro 0-0: Ball
1-0: Foul Ball, location: 2F
1-1: Foul Ball, location: 2F
1-2: Foul Ball, location: 2F
1-2: Foul Ball, location: 2F
1-2: Fly out, F5 (Popup, 5L)
Batting: RHB Colt Cabana 0-0: Called Strike
0-1: Ball
1-1: Ball
2-1: Called Strike
2-2: Foul Ball, location: 2F
2-2: Ball
3-2: Base on Balls
Miguel Gazivoda scores
Dave Yates to third
Zahid Kashani to second
Batting: SHB Eustacio Tafalla 0-0: Foul Ball, location: 2F
0-1: Ball
1-1: Called Strike
1-2: Ball
Wild Pitch!
Dave Yates scores
Zahid Kashani to third
Colt Cabana to second
2-2: Ball
3-2: DOUBLE (Line Drive, 7LS)
Zahid Kashani scores
Colt Cabana scores
Batting: RHB Juan Chávez 0-0: Ball
1-0: Ball
2-0: Ball
3-0: Base on Balls
Batting: LHB Ángel Pineda 0-0: Called Strike
0-1: Ball
1-1: Ball
2-1: Ball
3-1: Called Strike
3-2: Base on Balls
Eustacio Tafalla to third
Juan Chávez to second
Batting: RHB Jouo Hirschovits 0-0: Called Strike
0-1: Ball
1-1: Foul Ball, location: 2F
1-2: Ball
2-2: Fly out, F2 (Popup, 23)
Batting: LHB Miguel Gazivoda 0-0: Called Strike
0-1: Ball
1-1: Foul Ball, location: 2F
1-2: Ball
2-2: Foul Ball, location: 2F
2-2: Fly out, F9 (Flyball, 9LM)
Bottom of the 3rd over - 11 run(s), 8 hit(s), 0 error(s), 3 left on base; Phoenix Hotspur 1 - Chesapeake 12
TOP OF THE 4TH
Phoenix Hotspur Youth batting - Pitching for Chesapeake Continentals : RHP António Alomar
Batting: RHB Carl Tucker 0-0: Fly out, F9 (Flyball, 89M)
Batting: RHB Bernardo Rivera 0-0: Called Strike
0-1: Ball
1-1: Ball
2-1: Foul Ball, location: 2F
2-2: Ball
3-2: Base on Balls
Batting: RHB Eric Conway 0-0: Ball
1-0: Grounds into double play, 5-4-3 (Groundball, 56)
Top of the 4th over - 0 run(s), 0 hit(s), 0 error(s), 0 left on base; Phoenix Hotspur 1 - Chesapeake 12
BOTTOM OF THE 4TH
Chesapeake Continentals batting - Pitching for Phoenix Hotspur Youth : LHP Juan Alou
Batting: RHB Dave Yates 0-0: Swinging Strike
0-1: Called Strike
0-2: Ball
1-2: Ball
2-2: Ball
3-2: SINGLE (Flyball, 8LS)
Batting: RHB Zahid Kashani 0-0: Ball
1-0: Ball
2-0: Foul Ball, location: 2F
2-1: Ball
3-1: Called Strike
3-2: Foul Ball, location: 2F
3-2: Strikes out swinging
Batting: RHB Marcos Alfaro 0-0: Ball
1-0: Swinging Strike
1-1: Ball
2-1: Called Strike
2-2: Fly out, F9 (Line Drive, 9)
Batting: RHB Colt Cabana 0-0: Called Strike
Dave Yates steals 2nd base
0-1: Ball
1-1: Called Strike
1-2: Ball
2-2: Ball
3-2: Base on Balls
Batting: SHB Eustacio Tafalla 0-0: Ball
1-0: Ball
2-0: Fielders Choice at 2nd, 4-6 (Groundball, 4)
Bottom of the 4th over - 0 run(s), 1 hit(s), 0 error(s), 1 left on base; Phoenix Hotspur 1 - Chesapeake 12
TOP OF THE 5TH
Phoenix Hotspur Youth batting - Pitching for Chesapeake Continentals : RHP António Alomar
Batting: RHB Rubén Andrada 0-0: Ball
1-0: Swinging Strike
1-1: Swinging Strike
1-2: Foul Ball, location: 2F
1-2: Ball
2-2: Ball
3-2: Strikes out swinging
Batting: LHB António Escalante 0-0: Ball
1-0: Hit by Pitch
Batting: RHB Hieronymus Bosch 0-0: Ball
1-0: Grounds into double play, 6-4-3 (Groundball, 56)
Top of the 5th over - 0 run(s), 0 hit(s), 0 error(s), 0 left on base; Phoenix Hotspur 1 - Chesapeake 12
BOTTOM OF THE 5TH
Chesapeake Continentals batting - Pitching for Phoenix Hotspur Youth : LHP Juan Alou
Batting: RHB Juan Chávez 0-0: Ball
1-0: Ball
2-0: Foul Ball, location: 2F
2-1: Foul Ball, location: 2F
2-2: Strikes out swinging
Batting: LHB Ángel Pineda 0-0: Ball
1-0: SINGLE (Groundball, 4MD)
Batting: RHB Jouo Hirschovits 0-0: Ball
1-0: Called Strike
1-1: Ball
2-1: Grounds into double play, 6-4-3 (Groundball, 6)
Bottom of the 5th over - 0 run(s), 1 hit(s), 0 error(s), 0 left on base; Phoenix Hotspur 1 - Chesapeake 12
TOP OF THE 6TH
Phoenix Hotspur Youth batting - Pitching for Chesapeake Continentals : RHP António Alomar
Batting: RHB Enrico Sánchez 0-0: Called Strike
0-1: Foul Ball, location: 2F
0-2: Strikes out swinging
Batting: RHB Phillip Mendizabal 0-0: Called Strike
0-1: Called Strike
0-2: Ball
1-2: Strikes out swinging
Batting: RHB David Rivas 0-0: Ball
1-0: Ball
2-0: Foul Ball, location: 2F
2-1: Foul Ball, location: 2F
2-2: Ball
3-2: Strikes out looking
Top of the 6th over - 0 run(s), 0 hit(s), 0 error(s), 0 left on base; Phoenix Hotspur 1 - Chesapeake 12
BOTTOM OF THE 6TH
Chesapeake Continentals batting - Pitching for Phoenix Hotspur Youth : LHP Juan Alou
Batting: LHB Miguel Gazivoda 0-0: Ground out U3 (Groundball, 3)
Batting: RHB Dave Yates 0-0: Ball
1-0: Ball
2-0: SINGLE (Flyball, 9LS)
Batting: RHB Zahid Kashani 0-0: Called Strike
0-1: Ball
1-1: Foul Ball, location: 2F
1-2: Ball
2-2: Strikes out swinging
Batting: RHB Marcos Alfaro 0-0: Called Strike
Dave Yates steals 2nd base
0-1: SINGLE (Line Drive, 7LS)
Dave Yates to third
Runner from 3rd tries for Home, SAFE, no throw
Batting: RHB Colt Cabana 0-0: Called Strike
0-1: Called Strike
0-2: Ground out 5-3 (Groundball, 56S)
Bottom of the 6th over - 1 run(s), 2 hit(s), 0 error(s), 1 left on base; Phoenix Hotspur 1 - Chesapeake 13
TOP OF THE 7TH
Phoenix Hotspur Youth batting - Pitching for Chesapeake Continentals : RHP António Alomar
Batting: RHB Carl Tucker 0-0: Ball
1-0: Ball
2-0: SINGLE (Groundball, 34D)
Batting: RHB Bernardo Rivera 0-0: Called Strike
0-1: Fly out, F9 (Flyball, 9)
Batting: RHB Eric Conway 0-0: Called Strike
0-1: Grounds into double play, 4-6-3 (Groundball, 4)
Top of the 7th over - 0 run(s), 1 hit(s), 0 error(s), 0 left on base; Phoenix Hotspur 1 - Chesapeake 13
BOTTOM OF THE 7TH
Chesapeake Continentals batting - Pitching for Phoenix Hotspur Youth : LHP Juan Alou
Batting: SHB Eustacio Tafalla 0-0: Fly out, F7 (Flyball, 7LS)
Batting: RHB Juan Chávez 0-0: Ball
1-0: Foul Ball, location: 2F
1-1: Ball
2-1: Foul Ball, location: 2F
2-2: Ball
3-2: Base on Balls
Batting: LHB Ángel Pineda 0-0: Called Strike
0-1: Foul Ball, location: 2F
0-2: Foul Ball, location: 2F
0-2: Foul Ball, location: 2F
0-2: Grounds into double play, 6-4-3 (Groundball, 6M)
Bottom of the 7th over - 0 run(s), 0 hit(s), 0 error(s), 0 left on base; Phoenix Hotspur 1 - Chesapeake 13
TOP OF THE 8TH
Phoenix Hotspur Youth batting - Pitching for Chesapeake Continentals : RHP António Alomar
Now at 1B: Jorge Alfiche
Now at 2B: José Palácios
Batting: RHB Rubén Andrada 0-0: Ball
1-0: Fly out, F9 (Flyball, 9LM)
Batting: LHB António Escalante 0-0: Ball
1-0: SINGLE (Line Drive, 89S)
Batting: RHB Hieronymus Bosch 0-0: Ball
1-0: Reached on error, E6 (Groundball, 6)
António Escalante to second
Batting: RHB Enrico Sánchez 0-0: Ball
1-0: Swinging Strike
1-1: Swinging Strike
1-2: Foul Ball, location: 2F
1-2: Strikes out swinging
Batting: RHB Phillip Mendizabal 0-0: Called Strike
0-1: Ball
1-1: Ball
2-1: Ball
3-1: Called Strike
3-2: Foul Ball, location: 2F
3-2: Ground out 5-3 (Groundball, 5D)
Top of the 8th over - 0 run(s), 1 hit(s), 1 error(s), 2 left on base; Phoenix Hotspur 1 - Chesapeake 13
BOTTOM OF THE 8TH
Chesapeake Continentals batting - Pitching for Phoenix Hotspur Youth : LHP Juan Alou
Batting: RHB Jouo Hirschovits 0-0: Ball
1-0: Swinging Strike
1-1: Foul Ball, location: 2F
1-2: Ball
2-2: Foul Ball, location: 2F
2-2: Ball
3-2: Foul Ball, location: 2F
3-2: Foul Ball, location: 2F
3-2: Foul Ball, location: 2F
3-2: Fly out, F5 (Line Drive, 5)
Batting: LHB Miguel Gazivoda 0-0: Called Strike
0-1: Called Strike
0-2: Ball
1-2: Ball
2-2: Strikes out swinging
Batting: RHB Dave Yates 0-0: Called Strike
0-1: Called Strike
0-2: Fly out, F5 (Popup, 5L)
Bottom of the 8th over - 0 run(s), 0 hit(s), 0 error(s), 0 left on base; Phoenix Hotspur 1 - Chesapeake 13
TOP OF THE 9TH
Phoenix Hotspur Youth batting - Pitching for Chesapeake Continentals : RHP António Alomar
Now in LF: Colt Gridley
Batting: RHB David Rivas 0-0: Fly out, F9 (Flyball, 89S)
Batting: RHB Carl Tucker 0-0: Ground out 5-3 (Groundball, 56)
Batting: RHB Bernardo Rivera 0-0: Called Strike
0-1: Ball
1-1: Swinging Strike
1-2: Strikes out swinging
Top of the 9th over - 0 run(s), 0 hit(s), 0 error(s), 0 left on base; Phoenix Hotspur 1 - Chesapeake 13
Monday, August 21st, 2017 - OOTP Baseball 17.12 Build 75